 Dungeon Crawl Stone Soup version 0.24-a0-520-g8fd06ad0bc (webtiles) character file.

Game seed: 11836907177375068921

2174 Gargoyl the Chopper (level 9, -4/73 HPs)
             Began as a Centaur Abyssal Knight on July 26, 2019.
             Was an Elder of Lugonu.
             Slain by a wight
             ... wielding a cursed +4 spear
              (5 damage)
             ... on level 6 of the Dungeon.
             The game lasted 00:11:19 (7594 turns).

Gargoyl the Chopper (Centaur Abyssal Knight)        Turns: 7594, Time: 00:11:19

Health: -4/73      AC: 10    Str: 16    XL:     9   Next: 11%
Magic:  13/13      EV:  4    Int: 15    God:    Lugonu [****..]
Gold:   283        SH:  0    Dex: 11    Spells: 8/8 levels left

rFire    . . .     SeeInvis .   e - +0 long sword (holy)
rCold    . . .     Gourm    .   (no shield)
rNeg     . . .     Faith    .   i - +0 chain mail
rPois    .         Spirit   .   (no helmet)
rElec    .         Reflect  .   h - +1 cloak
rCorr    .         Harm     .   f - +0 pair of gloves
MR       .....                  (no barding)
Stlth    ..........             (no amulet)
HPRegen  0.22/turn              g - +4 ring of intelligence
MPRegen  0.13/turn              (no ring)

@: very heavily drained, very quick
A: large, hooves 3, deformed body, speed 2, tough skin 3
a: Depart the Abyss, Bend Space, Banish, Corrupt, Renounce Religion


You were on level 6 of the Dungeon.
You worshipped Lugonu.
Lugonu was greatly pleased with you.
You were not hungry.

You visited 1 branch of the dungeon, and saw 7 of its levels.
You visited the Abyss 1 time.

You collected 283 gold pieces.

Inventory:

Hand Weapons
 a - a +4 hand axe
 e - a +0 long sword of holy wrath (weapon)
Missiles
 k - 3 boomerangs (quivered)
Armour
 f - a +0 pair of gloves (worn)
 h - a +1 cloak (worn)
 i - a +0 chain mail (worn)
Jewellery
 g - a +4 ring of intelligence (left hand)
Wands
 l - a wand of acid (10)
Scrolls
 d - 3 scrolls of remove curse
 m - a scroll of identify
 o - 2 scrolls of fear
Potions
 b - a potion of heal wounds
 j - a potion of degeneration {unknown}
 p - a potion of resistance {unknown}
 q - a potion of lignification {unknown}
Comestibles
 c - 4 rations


   Skills:
 + Level 4.9(0.1) Fighting
 + Level 0.2(0.0) Long Blades
 + Level 5.8(0.9) Axes
 * Level 5.6(0.7) Armour
 * Level 3.3(0.0) Dodging
 * Level 5.3(0.4) Invocations


You had 8 spell levels left.
You didn't know any spells.
Your spell library contained the following spells:

 Spells                   Type           Power        Failure   Level  Hunger
 Magic Dart               Conj           #...         99%         1    ##.....
 Blink                    Tloc           N/A          100%        2    ###....
 Call Imp                 Summ           #.......     100%        2    ###....
 Slow                     Hex            #.......     100%        2    ###....
 Conjure Flame            Conj/Fire      #.......     100%        3    ####...
 Mephitic Cloud           Conj/Pois/Air  #.......     100%        3    ####...


Dungeon Overview and Level Annotations

Branches:
Dungeon (7/15)             Temple (0/1) D:6

Altars:
Elyvilon
Gozag
Nemelex Xobeh
Okawaru
Qazlal
Ru
Sif Muna
Uskayaw


Innate Abilities, Weirdness & Mutations

You have hooves in place of feet.
Armour fits poorly on your strangely shaped body.
You cover ground very quickly.
You have extremely tough skin. (AC +3)


Message History

You closely miss the wight. Your kick misses the wight.
The wight is severely damaged.
The wight hits you with a cursed +4 spear.
* * * LOW HITPOINT WARNING * * *
You feel drained.
You closely miss the wight.
The wight is severely damaged.
The wight hits you but does no damage.
The wight hits you with a cursed +4 spear.
* * * LOW HITPOINT WARNING * * *
You completely miss the wight. Your kick misses the wight.
The wight is severely damaged.
The wight hits you with a cursed +4 spear.
* * * LOW HITPOINT WARNING * * *
You hit the wight but do no damage.
The wight is severely damaged.
The wight hits you with a cursed +4 spear.
* * * LOW HITPOINT WARNING * * *
The wight hits you with a cursed +4 spear.
You die...

######.###..#####.#####......).).
#.......##...# ##.........
#............### ##...##<.#
##.........##..####........#
#......................####
##........#.............###
#........#####..........#.
#.......[)## #.........###
#.......)@.###..#.......#.
##.......#z.##...#.........
#...........###..#....##..#
#...........###......##...#
####........##..#.....#..##
###..##...........##......##
#.......................#.#
###......#..####........###
##......###### ###........#


You could see a wight.

Vanquished Creatures
  A hungry ghost (D:6)
  An ogre (D:4)
  An ice beast (D:5)
  A phantom (D:5)
  3 centaurs
  A bullfrog (D:7)
  5 killer bees (D:6)
  2 wights (D:6)
  4 crimson imps
  A howler monkey (D:6)
  A quasit (D:5)
  3 hounds
  9 orc wizards
  3 orc priests
  A jelly (D:6)
  Terence (D:2)
  3 iguanas
  6 worker ants
  A howler monkey zombie (D:6)
  A worker ant zombie (D:6)
  3 adders
  10 gnolls (D:4)
  A shadow imp (D:6)
  2 worms
  A dart slug (D:2)
  3 leopard geckos
  22 orcs
  5 bats
  7 giant cockroaches
  7 goblins
  10 hobgoblins
  7 jackals
  5 kobolds
  3 quokkas
  2 ball pythons (D:6)
  12 frilled lizards
  6 rats
155 creatures vanquished.

Vanquished Creatures (others)
  A rat (D:3)
1 creature vanquished.

Grand Total: 156 creatures vanquished

Notes
Turn   | Place    | Note
-------+----------+-------------------------------------------
     0 | Abyss:1  | Gargoyl the Centaur Abyssal Knight began the quest for the
                  | Orb.
     0 | Abyss:1  | Reached XP level 1. HP: 19/19 MP: 2/2
    48 | Abyss:1  | Noticed an ancient zyme
   105 | Abyss:1  | Noticed a flying skull
   106 | Abyss:1  | Noticed a hungry ghost
   141 | Abyss:1  | Noticed an ancient zyme
   159 | Abyss:1  | Noticed a freezing wraith
   177 | Abyss:1  | Noticed an iron imp
   185 | Abyss:1  | Noticed a moth of wrath
   186 | Abyss:1  | Noticed a glowing orange brain
   186 | Abyss:1  | a moth of wrath changed into a glowing orange brain
   188 | D:1      | Escaped the Abyss
   331 | D:1      | Reached * piety under Lugonu
   348 | D:1      | Reached XP level 2. HP: 20/26 MP: 3/3
   352 | D:1      | Reached skill level 1 in Dodging
   714 | D:1      | Reached XP level 3. HP: 29/31 MP: 4/4
  1259 | D:2      | Reached ** piety under Lugonu
  1259 | D:2      | Reached XP level 4. HP: 38/38 MP: 5/5
  1675 | D:2      | Reached XP level 5. HP: 32/45 MP: 5/7
  1773 | D:2      | Noticed Terence
  1793 | D:2      | Killed Terence
  2357 | D:3      | Reached *** piety under Lugonu
  2614 | D:3      | Reached XP level 6. HP: 52/52 MP: 8/8
  2631 | D:3      | You fall into a shaft and drop 1 floor!
  2785 | D:3      | Found a white marble altar of Elyvilon.
  3521 | D:4      | Reached XP level 7. HP: 43/58 MP: 9/9
  3738 | D:4      | Found a deep blue altar of Sif Muna.
  3998 | D:5      | Entered Level 5 of the Dungeon
  4993 | D:5      | Found an iron altar of Okawaru.
  5019 | D:5      | Found a hide-covered altar of Uskayaw.
  5070 | D:5      | Reached XP level 8. HP: 66/66 MP: 11/11
  5256 | D:5      | Found a stormy altar of Qazlal.
  5316 | D:5      | Found an opulent altar of Gozag.
  5535 | D:6      | Reached **** piety under Lugonu
  5573 | D:6      | Found a staircase to the Ecumenical Temple.
  5683 | D:6      | Found a sparkling altar of Nemelex Xobeh.
  5690 | D:6      | Reached skill level 5 in Axes
  5916 | D:6      | Got a faintly glowing flail
  5917 | D:6      | Identified the cursed +1 flail of the Warrior-Mage
                  | {protect, *Rage MP+9 Int+3} (You found it on level 6 of the
                  | Dungeon)
  5927 | D:6      | Found a sacrificial altar of Ru.
  6066 | D:6      | Reached skill level 5 in Armour
  6353 | D:6      | Reached skill level 5 in Invocations
  6987 | D:6      | Reached XP level 9. HP: 31/73 MP: 12/12
  7594 | D:6      | HP: 1/73 [wight/cursed +4 spear (6)]
  7594 | D:6      | Slain by a wight

Levels and vault maps discovered:
D:1:      ebering_trefoil_twist, layout_basic, serial_curves, eino_curves_01,
          eino_curves_04, minmay_misc_feat_diagonals, minmay_lizard_king
D:2:      layout_basic, uniq_terence
D:3:      layout_basic, elyvilon_altar_4, dk_noncrumbling_3
D:4:      layout_gridville, lemuel_blue_sif_altar, first_ration,
          minmay_statues_item
D:5:      layout_cave_pools, lemuel_doored_altar,
          nicolae_overflow_crystal_walls, overflow_temple_1_default,
          okawaru_metal_pillars_1_2, st_stairs_6
D:6:      layout_cave_pools, nicolae_ru_great_annihilating_truth,
          nemelex_xobeh_ov_fountains_minmay, minmay_temple_entry_junction,
          corexii_leaking_fountain
D:7:      layout_basic, lemuel_crystal_altar, grunt_livestock,
          kennysheep_windowed_goal

Skill      XL: |  1  2  3  4  5  6  7  8 |
---------------+-------------------------+-----
Dodging        | 1 2 3 |  3.3
Axes           | 2 3 4 5 |  5.8
Armour         | 2 3 4 5 |  5.6
Invocations    | 3 4 5 |  5.3
Fighting       | 4 |  4.9
Long Blades    | |  0.2

Action                   |  1- 3 |  4- 6 |  7- 9 || total
-------------------------+-------+-------+-------++-------
Melee: Hand axe          |    72 |   155 |   274 ||   501
       Kick              |    12 |    35 |    75 ||   122
       Flail             |       |       |     9 ||     9
       Long sword        |       |       |    55 ||    55
Throw: Boomerang         |       |     3 |       ||     3
Invok: Depart the Abyss  |     1 |       |       ||     1
  Use: Scroll            |     4 |     4 |     6 ||    14
       Potion            |       |       |     5 ||     5
 Stab: Paralysed         |       |       |     3 ||     3
  Eat: Chunk             |       |     6 |    11 ||    17
       Ration            |       |       |     5 ||     5
Armor: Leather armour    |    26 |       |       ||    26
       Scale mail        |    32 |    24 |       ||    56
       Chain mail        |       |    89 |   336 ||   425
Dodge: Dodged            |    30 |    59 |   143 ||   232
       Rpst.: Long sword |       |       |     8 ||     8

Table legend:
 A = Non-vault XP
 B = Vault XP
 C = Vault XP percentage of total XP
 D = Non-vault monster count
 E = Vault monster count
 F = Vault count percentage of total count
                 A         B        C        D         E       F
            +---------+---------+-------+---------+---------+-------
      Total |    2958 |     149 |   4.8 |     140 |      15 |   9.7
            +---------+---------+-------+---------+---------+-------
        D:1 |      40 |      11 |  21.6 |      23 |       9 |  28.1
        D:2 |     170 |      36 |  17.5 |      24 |       1 |   4.0
        D:3 |     165 |       0 |   0.0 |      23 |       0 |   0.0
        D:4 |     500 |       0 |   0.0 |      21 |       0 |   0.0
        D:5 |     694 |      50 |   6.7 |      16 |       1 |   5.9
        D:6 |    1224 |      52 |   4.1 |      30 |       4 |  11.8
        D:7 |     165 |       0 |   0.0 |       3 |       0 |   0.0
            +---------+---------+-------+---------+---------+-------
